 Dungeon Crawl Stone Soup version 0.29.0-13-gc9e81de378 (webtiles) character file.

Game seed: 10919133424821533856

17346 casanoah the Thaumaturge (level 12, 0/88 HPs)
             Began as a Djinni Hedge Wizard on Sept 2, 2022.
             Was a Believer of Ashenzari.
             Slain by a fire bat (4 damage)
             ... on level 12 of the Dungeon on Sept 9, 2022.
             The game lasted 01:04:04 (29749 turns).

casanoah the Thaumaturge (Djinni Hedge Wizard)     Turns: 29749, Time: 01:04:04

Health: 0/88       AC:  9    Str:  9    XL:     12   Next: 81%
Gold:   978        EV: 13    Int: 26    God:    Ashenzari [**....] SH:  0 Dex: 14

rFire   + + .      SeeInvis +   z - +3 spear "Shackled Together" {flame, Evo, Self} (curse)
rCold   x . .      Faith    .   (no shield)
rNeg    . . .      Spirit   .   K - +0 acid dragon scales
rPois   ∞          Reflect  .   c - +0 hat "Restrained Sybil" {Self, Range} (curse)
rElec   .          Harm     .   (no cloak)
rCorr   +          Rampage  .   h - +0 pair of gloves "I Knew You'd Do That" {Fort, Cun} (curse)
Will    +....                   (boots unavailable)
Stlth   +++.......              (no amulet)
HPRegen 0.24/turn               L - +6 ring of intelligence
MPRegen 0.00/turn               (no ring)

@: flying, slowed, very slow
A: sickness immunity, fire resistance 2, cold vulnerability 1, float, innate
caster, HP casting, extra vitality 1, mutation resistance 1, no potion heal 1
a: Renounce Religion, Curse Item, Shatter the Chains


You were on level 12 of the Dungeon.
You worshipped Ashenzari.
Ashenzari was pleased with you.
You visited 3 branches of the dungeon, and saw 14 of its levels.
You also visited: Bailey and Ice Cave.

You collected 978 gold pieces.

Inventory:

Hand Weapons
 z - the cursed +3 spear "Shackled Together" (weapon) {flame, Evo, Self}
   (You took it off a gnoll on level 4 of the Dungeon)

   It burns those it strikes, dealing additional fire damage.
   It has a curse which improves the following skills: Evocations: Evocations.
   Introspection: Fighting and Spellcasting.
 C - a +4 scimitar
 D - a +4 short sword of freezing
 H - a +2 scimitar of electrocution
Missiles
 B - a throwing net
Armour
 b - a +0 plate armour
 c - the cursed +0 hat "Restrained Sybil" (worn) {Self, Range}

   It has a curse which improves the following skills: Introspection: Fighting
   and Spellcasting.
   Ranged Combat: Ranged Weapons and Throwing.
 h - the cursed +0 pair of gloves "I Knew You'd Do That" (worn) {Fort, Cun}
   (You found it on level 1 of the Dungeon)

   It has a curse which improves the following skills: Fortitude: Armour and
   Shields.
   Cunning:   Dodging and Stealth.
 K - +0 acid dragon scales (worn)
Jewellery
 L - a +6 ring of intelligence (left hand)
Wands
 f - a wand of mindburst (8)
 j - a wand of flame (19)
 w - a wand of digging (6)
 x - a wand of light (10)
 y - a wand of iceblast (10)
 F - a wand of charming (5)
Scrolls
 a - 2 scrolls of magic mapping
 e - 9 scrolls of fog
 i - a scroll of fear
 k - a scroll of enchant weapon
 l - 2 scrolls of enchant armour
 m - 2 scrolls of blinking
 n - 2 scrolls of poison
 p - 2 scrolls of torment
 r - 3 scrolls of immolation
 u - 4 scrolls of vulnerability
 v - a scroll of summoning
 J - 2 scrolls of silence
Potions
 d - a potion of might
 g - a potion of resistance
 o - 2 potions of lignification
 q - 2 potions of attraction
 s - 5 potions of cancellation
 t - 2 potions of haste
 A - a potion of curing
 E - a potion of invisibility
 I - a potion of berserk rage


   Skills:
 * Level 6.9(8.9) Fighting
 + Level 4.3 Polearms
 * Level 6.8(8.1) Armour
 + Level 5.4(6.6) Dodging
 + Level 6.2(7.5) Stealth
 * Level 11.7(13.5) Spellcasting


You had 13 spell levels left.
You knew the following spells:

 Your Spells              Type           Power      Damage    Failure   Level
a - Magic Dart            Conj           100%       1d8       1%          1
b - Blink                 Tloc           100%       N/A       1%          2
c - Call Imp              Summ           73%        N/A       1%          2
d - Slow                  Hex            100%       N/A       1%          1
e - Conjure Flame         Conj/Fire      73%        6-21      1%          3
f - Mephitic Cloud        Conj/Pois/Air  73%        N/A       1%          3
g - Beastly Appendage     Tmut           100%       N/A       1%          1
h - Searing Ray           Conj           100%       2d8       1%          2
i - Gell's Gravitas       Tloc           73%        N/A       1%          3
j - Portal Projectile     Hex/Tloc       100%       N/A       1%          3
k - Anguish               Hex/Necr       36%        N/A       1%          4
Your spell library was empty.

Dungeon Overview and Level Annotations

Branches:
Dungeon (12/15)            Temple (1/1) D:4            Lair (1/5) D:8
    Orc (0/2) D:10         Bailey (visited)           IceCv (visited)

Altars:
Ashenzari
Cheibriados
Dithmenos
Elyvilon
Fedhas
Gozag
Hepliaklqana
Makhleb
Nemelex Xobeh
Okawaru
Qazlal
Ru
Trog
Uskayaw
Wu Jian
Xom
Yredelemnul
Zin
The Shining One

Annotations:
D:5 Sigmund
D:10 Snorg


Innate Abilities, Weirdness & Mutations

You are immune to sickness and miasma.
You are immune to poison.
Your flesh is very heat resistant. (rF++)
You are vulnerable to cold. (rC-)
You float through the air rather than walking.
You learn spells naturally, not from books.
Your magical power is your life essence.
You have superior vitality. (+4 MHP)
You are somewhat resistant to further mutation.
Potions are less effective at restoring your health.


Message History

You hit the wraith but do no damage.
The wraith is almost destroyed.
The fire bat completely misses you. The wraith hits you.
The fire bat closely misses you.
You hit the wraith but do no damage.
The wraith is almost destroyed.
The fire bat misses you. x2; The wraith barely misses you.
You hit the wraith but do no damage.
The wraith is almost destroyed.
The fire bat bites you but does no damage.
The wraith hits you!
* * * LOW HITPOINT WARNING * * *
You barely miss the wraith.
The wraith is almost destroyed.
The fire bat barely misses you. The wraith barely misses you.
You closely miss the wraith.
The wraith is almost destroyed.
The fire bat barely misses you. The wraith hits you but does no damage.
You closely miss the wraith.
The wraith is severely damaged.
The wraith closely misses you.
You barely miss the wraith.
The wraith is severely damaged.
The fire bat bites you but does no damage.
The wraith closely misses you.
You closely miss the wraith.
The wraith is severely damaged.
You barely miss the wraith.
The wraith is severely damaged.
The fire bat bites you.
* * * LOW HITPOINT WARNING * * *
You are engulfed in flames.
You resist.
* * * LOW HITPOINT WARNING * * *
The wraith hits you.
* * * LOW HITPOINT WARNING * * *
The wraith drains your vigour!
You feel yourself slow down. The fire bat misses you. The wraith hits you!
* * * LOW HITPOINT WARNING * * *
The fire bat bites you.
You die...

######## ###
#......# ##.##
#..###.#########...#
#..@†.....[.Wb.b....
#.W#b#.#.#######...#
#......#†# ##.##
#..#.#.#<# #.#
#.>....#.# #.#
##.###.#.# ##'#
#.###.#.# ##..#
#.......# #..##*
#.......# #### ,


You could see a wraith and a fire bat.

Vanquished Creatures
  Harold (D:10)
  2 two-headed ogres
  A centaur warrior (D:10)
  Pikel (D:5)
  A cane toad (Lair:1)
  An unseen horror (D:12)
  2 rime drakes (IceCv)
  3 trolls
  A hornet (D:9)
  4 blink frogs (Lair:1)
  A vampire (D:11)
  2 shadows
  2 spriggans (Bailey)
  9 fire bats
  2 wraiths (D:12)
  7 yaks
  A wyvern (D:9)
  A basilisk (D:6)
  A steam dragon (D:10)
  Menkaure (D:5)
  3 acid dragons
  3 water moccasins
  A black bear (D:5)
  An ice beast (D:6)
  6 orc warriors (D:10)
  6 sky beasts
  9 ogres
  2 wolves (D:8)
  11 centaurs
  Blork the orc (D:5)
  4 bullfrogs
  3 kobold brigands
  2 gnoll sergeants
  A scorpion (D:4)
  A necrophage (D:6)
  16 wights
  8 killer bees (D:9)
  3 lindwurm simulacra (IceCv)
  3 howler monkeys
  4 electric eels
  10 hounds
  2 komodo dragon simulacra (IceCv)
  2 jellies
  A gnoll bouda (D:8)
  4 orc priests
  7 orc wizards
  A troll simulacrum (D:11)
  A spriggan simulacrum (D:11)
  13 gnolls
  A naga simulacrum (D:11)
  2 acid dragon simulacra (IceCv)
  5 adders
  An ufetubus (D:5)
  5 steam dragon simulacra (IceCv)
  6 dart slugs
  32 orcs
  9 endoplasms
  4 giant cockroaches
  13 goblins
  8 hobgoblins
  5 jackals
  5 quokkas
  9 ball pythons
  54 bats
  A frilled lizard (D:2)
  13 kobolds
  6 rats
352 creatures vanquished.

Vanquished Creatures (others)
  A cane toad (Lair:1)
  A wyvern (D:9)
  2 fire bats (D:12)
  A killer bee (D:9)
  An electric eel (D:8)
  3 bats (D:12)
  2 demonic plants (D:3)
  11 fungi (Lair:1)
  61 plants
  2 withered plants (D:8)
85 creatures vanquished.

Grand Total: 437 creatures vanquished

Notes
Turn   | Place    | Note
-------+----------+-------------------------------------------
     0 | D:1      | casanoah the Djinni Hedge Wizard began the quest for the
                  | Orb.
     0 | D:1      | casanoah set off with the following spells memorised: Magic
                  | Dart, Blink, Call Imp, Slow, Conjure Flame, Mephitic Cloud.
     0 | D:1      | Reached XP level 1. HP: 15/15 MP: 0/0
   120 | D:1      | You are sucked into a shaft and drop 1 floor!
   384 | D:1      | Reached XP level 2. HP: 5/21 MP: 0/0
  1082 | D:1      | Reached skill level 3 in Spellcasting
  1141 | D:1      | Reached XP level 3. HP: 18/25 MP: 0/0
  1141 | D:1      | Learned a level 1 spell: Beastly Appendage
  2238 | D:2      | Reached XP level 4. HP: 29/31 MP: 0/0
  2620 | D:3      | Found a broken altar of Ashenzari.
  2730 | D:3      | Became a worshipper of Ashenzari the Shackled
  3112 | D:3      | Found a faded altar of an unknown god.
  3431 | D:3      | Reached XP level 5. HP: 27/35 MP: 0/0
  3431 | D:3      | Learned a level 2 spell: Searing Ray
  3646 | D:4      | Reached skill level 4 in Spellcasting
  4337 | D:4      | Gained mutation: You passively map a small area around you.
                  | [potion of mutation]
  4337 | D:4      | Gained mutation: You expend health (3 HP) to strengthen
                  | your wands. [potion of mutation]
  4337 | D:4      | Gained mutation: Your mind is acute. (Int +4, Str/Dex -1)
                  | [potion of mutation]
  4347 | D:4      | Reached XP level 6. HP: 17/41 MP: 0/0
  4377 | D:4      | Reached skill level 1 in Fighting
  4385 | D:4      | Identified the cursed +0 pair of gloves "I Knew You'd Do
                  | That" {Fort, Cun} (You found it on level 1 of the Dungeon)
  4708 | D:4      | Noticed an ogre
  4725 | D:4      | Killed an ogre
  5051 | D:4      | Reached XP level 7. HP: 34/47 MP: 0/0
  5051 | D:4      | Learned a level 3 spell: Gell's Gravitas
  5519 | D:4      | Found a staircase to the Ecumenical Temple.
  5632 | D:4      | Reached * piety under Ashenzari
  5690 | Temple   | Entered the Ecumenical Temple
  5836 | D:5      | Entered Level 5 of the Dungeon
  5859 | D:5      | Reached skill level 5 in Spellcasting
  6336 | D:5      | Lost mutation: You passively map a small area around you.
                  | [potion of mutation]
  6336 | D:5      | Lost mutation: You expend health (3 HP) to strengthen your
                  | wands. [potion of mutation]
  6336 | D:5      | Lost mutation: Your mind is acute. (Int +4, Str/Dex -1)
                  | [potion of mutation]
  6336 | D:5      | Gained mutation: Your movements are slightly less
                  | encumbered by armour. (ER -2) [potion of mutation]
  6336 | D:5      | Gained mutation: You are weak. (Str -2) [potion of
                  | mutation]
  6337 | D:5      | Lost mutation: Your movements are slightly less encumbered
                  | by armour. (ER -2) [potion of mutation]
  6337 | D:5      | Lost mutation: You are weak. (Str -2) [potion of mutation]
  6337 | D:5      | Gained mutation: Potions are less effective at restoring
                  | your health. [potion of mutation]
  6337 | D:5      | Gained mutation: You are somewhat resistant to further
                  | mutation. [potion of mutation]
  6496 | D:5      | Found a sparkling altar of Nemelex Xobeh.
  6566 | D:5      | Noticed Sigmund
  6626 | D:5      | Noticed Menkaure
  6898 | D:5      | Found a basalt altar of Yredelemnul.
  6913 | D:5      | Found an ornate altar of the Wu Jian Council.
  7036 | D:5      | Found a snail-covered altar of Cheibriados.
  7049 | D:5      | Noticed Pikel
  7074 | D:5      | Killed Pikel
  7075 | D:5      | Reached skill level 1 in Polearms
  7075 | D:5      | Reached skill level 1 in Armour
  7075 | D:5      | Reached XP level 8. HP: 37/58 MP: 0/0
  7354 | D:5      | Noticed Blork the orc
  7371 | D:5      | Killed Blork the orc
  7812 | D:5      | Found a glowing golden altar of the Shining One.
  7876 | D:5      | Identified the +6 flail of the Gnashing Enemy {vorpal,
                  | rCorr}
  7946 | D:5      | Killed Menkaure
  8274 | D:6      | Found a stormy altar of Qazlal.
  8324 | D:6      | Reached skill level 6 in Spellcasting
  8324 | D:6      | Reached XP level 9. HP: 40/62 MP: 0/0
  8324 | D:6      | Learned a level 3 spell: Portal Projectile
  8517 | D:6      | Found a white marble altar of Elyvilon.
  9450 | D:6      | Noticed a troll
  9535 | D:6      | Killed a troll
  9539 | D:6      | Reached skill level 5 in Stealth
  9753 | D:6      | Reached skill level 7 in Spellcasting
 10348 | D:7      | Found a flagged portal.
 10385 | D:7      | Reached XP level 10. HP: 31/70 MP: 0/0
 10568 | Bailey   | Entered a bailey
 10941 | Bailey   | Noticed a two-headed ogre
 12041 | D:7      | Reached ** piety under Ashenzari
 12118 | D:7      | Found a hide-covered altar of Uskayaw.
 12188 | D:7      | Reached skill level 8 in Spellcasting
 12861 | D:8      | Reached *** piety under Ashenzari
 12875 | D:8      | Found a blossoming altar of Fedhas.
 13333 | D:8      | Identified the cursed +0 hat "Restrained Sybil" {Self,
                  | Range}
 13351 | D:8      | Reached skill level 5 in Fighting
 14119 | D:8      | Found a staircase to the Lair.
 15161 | D:9      | Reached skill level 9 in Spellcasting
 15161 | D:9      | Reached XP level 11. HP: 62/79 MP: 0/0
 15161 | D:9      | Learned a level 4 spell: Anguish
 16156 | D:9      | Reached skill level 5 in Armour
 16967 | D:10     | Entered Level 10 of the Dungeon
 17185 | D:10     | Noticed a two-headed ogre
 17194 | D:10     | Killed a two-headed ogre
 17626 | D:10     | Found a hazy altar of Hepliaklqana.
 18190 | D:10     | Noticed Harold
 18213 | D:10     | Killed Harold
 18214 | D:10     | Reached skill level 10 in Spellcasting
 18890 | D:10     | Found a large runed translucent door.
 18891 | D:10     | Found a large runed translucent door.
 18921 | D:10     | Noticed Snorg
 19071 | D:10     | HP: 4/81 [orc priest/divine providence (14)]
 19456 | D:10     | Noticed a centaur warrior
 20717 | D:10     | Killed a centaur warrior
 22429 | D:10     | Found a staircase to the Orcish Mines.
 22756 | D:10     | Found an iron altar of Okawaru.
 22759 | D:10     | Found a shimmering altar of Xom.
 22895 | Lair:1   | Entered Level 1 of the Lair of Beasts
 22994 | Lair:1   | Reached XP level 12. HP: 81/88 MP: 0/0
 23512 | Lair:1   | Noticed a four-headed hydra
 24108 | Lair:1   | Reached skill level 11 in Spellcasting
 24895 | D:11     | Found a frozen archway.
 25012 | IceCv    | Entered an ice cave
 27360 | D:11     | Noticed a two-headed ogre
 27377 | D:11     | Killed a two-headed ogre
 27684 | D:11     | Upgraded the game from 0.29.0-11-gd7f09526c8 to
                  | 0.29.0-13-gc9e81de378
 27695 | D:11     | Reached skill level 5 in Dodging
 28480 | D:12     | Found a bloodstained altar of Trog.
 29749 | D:12     | HP: 4/88 [wraith (7)]
 29749 | D:12     | Slain by a fire bat

Illustrated notes

Levels and vault maps discovered:
D:1:      amcnicky_arrival_double_pillar, layout_rooms, reono_crystal_passage
D:2:      layout_loops_ring, columned_hall_lemuel, minmay_crystal_room,
          minmay_splitting_lines
D:3:      layout_rooms, lemuel_crystal_altar, shapermc_ecumenical_altar_gd,
          chequers_jeans
D:4:      layout_loops_ring, minmay_temple_entry_poolview,
          kennysheep_generic_room_6
D:5:      layout_layer_cave, overflow_temple_1_default, kennysheep_mini,
          mainiacjoe_overflow_chevrons, kennysheep_little_box,
          nicolae_overflow_hidden_temple, kennysheep_generic_room_13,
          uniq_sigmund, uniq_pikel, uniq_menkaure, uniq_blork_the_orc
D:6:      layout_basic, mainiacjoe_overflow_alcove_1, grunt_qazlal_clouds,
          minmay_three_doors
D:7:      layout_layer_cave, mainiacjoe_overflow_small_starburst, enter_bailey_5
D:8:      layout_gridville, grunt_temple_overflow_growth_and_decay,
          amcnicky_altar_gilded, erik_lair_island, nicolae_wand_duel,
          nrook_loot_triangle
D:9:      layout_long_grid, st_stairs_13
D:10:     layout_stronghold, jmf_multi_god_temple2, general_overflow_altar,
          erik_orc_2, minmay_misc_feat_nine_boxes, kennysheep_decorative_pillar,
          uniq_harold, uniq_snorg
D:11:     layout_loops_ring, portal_ice_cave_entry_ice_simulacra
D:12:     due_megacathedral, layout_loops_corners, serial_shops,
          nicolae_stop_n_shop_1, shop, nicolae_shop_window_shopping
Temple:   nicolae_temple_superstar
Lair:1:   layout_misc_corridors, nicolae_lair_lil_pond, serial_bayou_lagoon_a,
          grunt_megastairs_4

Skill      XL: |  1  2  3  4  5  6  7  8  9 10 11 12 |
---------------+-------------------------------------+-----
Spellcasting   | 3 4 5 6 7 9 10 11 | 11.7
Stealth        | 2 3 4 5 6 |  6.2
Fighting       | 1 3 4 5 6 |  6.9
Dodging        | 3 4 5 |  5.4
Polearms       | 1 3 4 |  4.3
Armour         | 1 2 3 4 5 6 |  6.8

Action                   |  1- 3 |  4- 6 |  7- 9 | 10-12 || total
-------------------------+-------+-------+-------+-------++-------
Melee: Dagger            |       |     4 |       |       ||     4
       Spear             |       |     9 |    96 |   486 ||   591
       Punch             |       |     1 |       |     5 ||     6
 Cast: Magic Dart        |    89 |    83 |    40 |   285 ||   497
       Mephitic Cloud    |       |     2 |    10 |    69 ||    81
       Searing Ray       |       |     8 |    13 |    16 ||    37
       Conjure Flame     |       |     3 |    20 |    93 ||   116
       Gell's Gravitas   |       |       |    13 |    99 ||   112
       Blink             |       |       |     2 |     6 ||     8
       Slow              |       |       |       |     3 ||     3
       Beastly Appendage |       |       |       |     1 ||     1
       Anguish           |       |       |       |    14 ||    14
Invok: Curse Item        |       |     1 |     1 |     2 ||     4
       Shatter the Chain |       |       |       |     1 ||     1
  Use: Potion            |       |     5 |     2 |     9 ||    16
       Scroll            |       |       |       |     4 ||     4
 Stab: Confused          |       |     1 |     8 |    31 ||    40
       Distracted        |       |     1 |       |       ||     1
       Sleeping          |       |       |     5 |     2 ||     7
Armor: Robe              |     6 |     6 |    12 |       ||    24
       Skin              |       |     5 |       |       ||     5
       Leather armour    |       |       |       |    25 ||    25
       Acid dragon scale |       |       |       |   172 ||   172
Dodge: Dodged            |     6 |    16 |    51 |   447 ||   520
